 Dungeon Crawl Stone Soup version 0.17-a0-1769-g54adf96 (webtiles) character file.

102 TruthSerum the Cudgeler (level 4, -6/49 HPs)
             Began as an Ogre Abyssal Knight on Sept 7, 2015.
             Was a Believer of Lugonu.
             Mangled by zeke's ghost (9 damage)
             ... on level 3 of the Dungeon.
             The game lasted 00:09:04 (1949 turns).

TruthSerum the Cudgeler (Ogre Abyssal Knight)       Turns: 1949, Time: 00:09:04

Health: -6/49      AC:  3    Str: 18    XL:     4   Next: 78%
Magic:  6/6        EV: 10    Int: 11    God:    Lugonu [**....]
Gold:   39         SH:  0    Dex:  9    Spells: 0 memorised, 3 levels left

rFire  . . .     SeeInvis .     a - +1 mace
rCold  . . .     Clarity  .     b - +0 robe
rNeg   + . .     SustAt   .     (no shield)
rPois  .         Gourm    .     (helmet restricted)
rElec  .         Spirit   .     (no cloak)
rCorr  .         Warding  +     (gloves unavailable)
rMut   .         Stasis   .     (boots unavailable)
MR     .....                    m - amulet of warding
Stlth  +.........               (no ring)
                                (no ring)

@: not resistant to hostile enchantments, very unstealthy
A: unfitting armour, tough skin 1
a: Depart the Abyss, Bend Space, Renounce Religion


You were on level 3 of the Dungeon.
You worshipped Lugonu.
Lugonu was pleased with you.
You were not hungry.

You visited 1 branch of the dungeon, and saw 3 of its levels.
You visited the Abyss 1 time.

You collected 39 gold pieces.

Inventory:

Hand weapons
 a - a +1 mace (weapon)
Armour
 b - a +0 robe (worn)
Jewellery
 g - an uncursed ring of magical power {unknown}
 m - an amulet of warding (around neck)
Magical devices
 s - a wand of polymorph (1)
Scrolls
 e - 2 scrolls of random uselessness {unknown}
 f - a scroll of immolation {unknown}
 i - a scroll of amnesia {unknown}
 k - a scroll of blinking {unknown}
 o - a scroll of enchant armour {unknown}
 p - a scroll of teleportation {unknown}
Potions
 d - a potion of haste
 j - 3 potions of curing {unknown}
 q - a potion of poison {unknown}
 r - 2 potions of heal wounds {unknown}
 t - 2 potions of might {unknown}
Comestibles
 c - 3 bread rations
 h - 2 fruits
 l - 2 meat rations
 n - a beef jerky


   Skills:
 + Level 4.5 Fighting
 * Level 4.8 Maces & Flails
 + Level 2.8 Dodging
 + Level 2.7 Invocations


You had 3 spell levels left.
You didn't know any spells.

Dungeon Overview and Level Annotations

Branches:
Dungeon (3/15)

Altars:

Annotations:
D:3 zeke's ghost, average TrEE


Innate Abilities, Weirdness & Mutations

You are too large for most types of armour.
You have tough skin (AC +1).


Message History

Zeke's ghost hits you but does no damage.
You hit zeke's ghost but do no damage.
Zeke's ghost is heavily damaged.
Zeke's ghost completely misses you.
You hit zeke's ghost.
Zeke's ghost is heavily damaged.
Zeke's ghost wails, "They lied to you.
The Dungeon just goes down and down forever."
Zeke's ghost hits you!
* * * LOW HITPOINT WARNING * * *
You hit zeke's ghost.
Zeke's ghost is heavily damaged.
Zeke's ghost hits you!
* * * LOW HITPOINT WARNING * * *
You hit zeke's ghost.
Zeke's ghost is severely damaged.
Zeke's ghost hits you but does no damage. x2
You hit zeke's ghost.
Zeke's ghost is severely damaged.
Zeke's ghost hits you!
You die...

###.#..### ....[
#.#....# ..... #.#..###
......### #.#..# ....#..
#.#..### .. ...#.####
#.##.#.# #...#......##
###.##.#.# #.........#
#......#.#
#.#####@.######.#.#.....
#......W.#.(....#.##..##
#####....#.######.##.###
#.#..#.#....#.......
...#....W..# ########
###..............
..........####.###
####.###### # #.


You could see zeke's ghost.

Vanquished Creatures
  2 adders (D:2)
  5 oozes (D:1)
  2 worms
  2 giant geckos
  A ball python (D:1)
  7 bats
  5 goblins
  6 hobgoblins
  6 jackals (D:1)
  4 kobolds
  A quokka (D:2)
  5 giant cockroaches (D:1)
  A giant newt (D:1)
  4 rats
51 creatures vanquished.

Notes
Turn   | Place    | Note
--------------------------------------------------------------
     0 | Abyss:1  | TruthSerum the Ogre Abyssal Knight began the quest for the Orb.
     0 | Abyss:1  | Reached XP level 1. HP: 24/24 MP: 2/2
     7 | D:1      | Escaped the Abyss
     9 | D:1      | Found a runed door.
    16 | D:1      | Reached XP level 2. HP: 29/32 MP: 3/3
    42 | D:1      | Reached XP level 3. HP: 3/39 MP: 4/4
   428 | D:1      | Acquired Lugonu's second power
   789 | D:1      | Reached XP level 4. HP: 32/48 MP: 5/5
  1929 | D:3      | Noticed zeke's ghost (average TrEE)
  1949 | D:3      | Mangled by zeke's ghost

Vault maps used:
D:1:      dpeg_arrival_caged_fury
D:2:      st_stairs_9
D:3:      amethyst_overflow_temple_binary, ecumenical_altar_1,
          roderic_chinese_pattern_swastika, hangedman_decor_slide_cut

Action                   |  1- 3 |  4- 6 || total
-------------------------+-------+-------++-------
Melee: Mace              |    97 |    90 ||   187
Evoke: Wand              |       |     4 ||     4
  Use: Scroll            |     3 |     1 ||     4
  Eat: Chunk             |       |     4 ||     4
